Map: Ascension to Aiur LE

Players

NightxCore - Winner!

  • Race: Protoss Protoss
  • League: Gold
  • Spawn Location: 5:00

Juxtapose

  • Race: Terran Terran
  • League: Gold
  • Spawn Location: 11:00

VOD

https://youtu.be/x8SIu6fiNwQ

Description

After watching the Replay, this match was closer than I thought. I didn't even notice those Disruptors when I was actually playing though; lost a lot of my Marines to them.

I also should have used Point Defence Drone. Still, my Terran game, while still weak, is improving slowly but surely.

Time

  • Played on: Aug. 15, 2017, 7:10 p.m.
  • Length: 14:13
Show
View Real Time Build Order
Export as new Build Order

NightxCore Protoss - Winner!

Build Orders: 1 Gate Expand 

Get SALT Encoding   

  12  0:02  Probe (Chrono Boost)  
  13  0:16  Pylon  
  13  0:20  Probe (Chrono Boost)  
  14  0:31  Probe (Chrono Boost)  
  14  0:35  Gateway  
  15  0:41  Probe (Chrono Boost)  
  16  0:48  Pylon  
  16  0:55  Probe (Chrono Boost)  
  17  1:10  Assimilator, Probe (Chrono Boost)  
  18  1:24  Probe (Chrono Boost)  
  19  1:31  Nexus  
  19  1:36  Probe (Chrono Boost)  
  20  1:49  Cybernetics Core  
  21  1:54  Probe (Chrono Boost)  
  21  2:04  Probe (Chrono Boost)  
  21  2:07  Assimilator  
  22  2:17  Gateway  
  22  2:21  Forge  
  22  2:25  Probe (Chrono Boost)  
  22  2:26  Warp Gate  
  23  2:35  Probe (Chrono Boost)  
  26  2:44  Mothership Core (Chrono Boost)  
  26  2:46  Probe (Chrono Boost)  
  27  2:58  Photon Cannon  
  27  3:04  Photon Cannon  
  27  3:11  Gateway, Probe x2 (Chrono Boost)  
  29  3:37  Probe (Chrono Boost)  
  29  3:38  Probe (Chrono Boost)  
  29  3:39  Pylon  
  31  3:42  Pylon  
  31  3:53  Pylon  
  33  3:55  Probe (Chrono Boost)  
  33  3:56  Probe (Chrono Boost)  
  33  4:13  Photon Cannon  
  33  4:15  Photon Cannon  
  33  4:18  Photon Cannon  
  33  4:19  Probe x2 (Chrono Boost)  
  33  4:21  Photon Cannon  
  35  4:40  Robotics Facility  
  35  4:41  Robotics Facility  
  35  4:53  Probe x2 (Chrono Boost)  
  35  4:54  Pylon  
  35  4:56  Stalker x2  
  35  4:57  Stalker  
  43  5:05  Assimilator  
  43  5:08  Assimilator, Probe x2 (Chrono Boost)  
  45  5:21  Pylon  
  45  5:22  Probe (Chrono Boost)  
  45  5:25  Probe (Chrono Boost)  
  47  5:30  Observer  
  47  5:31  Warp Prism  
  50  5:41  Robotics Bay  
  50  5:49  Twilight Council  
  50  5:50  Probe (Chrono Boost)  
  50  5:52  Probe (Chrono Boost)  
  52  6:00  Probe (Chrono Boost)  
  52  6:03  Probe (Chrono Boost)  
  55  6:11  Probe (Chrono Boost)  
  55  6:13  Probe (Chrono Boost)  
  55  6:14  Stalker x3  
  62  6:24  Gateway  
  62  6:26  Gateway  
  62  6:27  Gateway  
  62  6:30  Gateway  
  62  6:32  Gateway  
  62  6:34  Gateway  
  62  6:47  Pylon  
  62  6:48  Probe (Chrono Boost)  
  62  6:49  Probe (Chrono Boost)  
  62  6:50  Pylon  
  64  6:54  Colossus  
  64  6:58  Probe (Chrono Boost)  
  64  6:59  Probe (Chrono Boost)  
  72  7:06  Nexus  
  72  7:09  Pylon  
  72  7:12  Pylon, Probe (Chrono Boost)  
  72  7:13  Probe (Chrono Boost)  
  74  7:35  Photon Cannon  
  74  7:37  Photon Cannon  
  74  7:39  Probe x2 (Chrono Boost)  
  74  7:40  Photon Cannon  
  76  7:49  Probe (Chrono Boost)  
  76  7:50  Probe (Chrono Boost)  
  78  7:54  Disruptor  
  78  7:55  Disruptor  
  84  8:07  Probe x2 (Chrono Boost)  
  84  8:11  Dark Shrine  
  86  8:17  Probe (Chrono Boost)  
  86  8:18  Probe (Chrono Boost)  
  88  8:21  Pylon  
  88  8:24  Photon Cannon  
  88  8:26  Photon Cannon  
  88  8:29  Photon Cannon  
  88  8:31  Assimilator x2, Photon Cannon  
  88  8:39  Colossus  
  94  8:44  Colossus  
  100  9:02  Blink  
  100  9:05  Nexus  
  100  9:19  Protoss Ground Weapons Level 1  
  100  9:24  Forge  
  100  9:26  Forge  
  100  9:29  Stalker x4  
  100  9:30  Stalker  
  110  9:39  Extended Thermal Lance  
  110  9:41  Colossus (Chrono Boost)  
  116  9:49  Colossus (Chrono Boost)  
  122  10:08  Probe  
  122  10:10  Probe  
  124  10:20  Probe  
  125  10:29  Stalker x3  
  125  10:30  Stalker x2  
  125  10:31  Colossus (Chrono Boost)  
  141  10:38  Colossus (Chrono Boost)  
  147  10:49  Protoss Ground Armor Level 1  
  147  10:50  Protoss Shields Level 1  
  118  11:15  Stalker x2  
  118  11:16  Stalker x6  
  104  11:22  Stalker  
  94  11:40  Stalker  
  94  11:41  Stalker x4  
  94  11:42  Stalker x3  
  98  11:47  Colossus (Chrono Boost)  
  98  11:49  Colossus (Chrono Boost)  
  104  12:13  Stalker x2  
  104  12:14  Stalker x4  
  104  12:15  Stalker  
  118  12:16  Stalker  
  108  12:35  Colossus x2 (Chrono Boost)  
  120  12:39  Stalker x4  
  126  12:49  Assimilator  
  122  12:54  Assimilator  
  122  12:55  Stalker x3  
  122  12:56  Stalker x2  
  114  13:42  Stalker x3  
  114  13:43  Stalker x3  
  114  13:44  Stalker x3  
Show
View Real Time Build Order
Export as new Build Order

Juxtapose Terran 

Build Orders: MMM Bio 

Get SALT Encoding   

  12  0:01  SCV  
  13  0:13  SCV  
  14  0:21  Supply Depot  
  14  0:25  SCV  
  15  0:43  Supply Depot, SCV  
  16  0:51  Barracks  
  16  0:58  SCV  
  17  1:10  SCV  
  18  1:14  Refinery  
  18  1:17  Refinery  
  18  1:22  SCV  
  19  1:34  SCV  
  20  1:41  Marine  
  21  1:54  Orbital Command  
  21  2:02  Engineering Bay  
  21  2:03  Marine  
  22  2:19  Barracks  
  22  2:21  Marine  
  23  2:23  SCV  
  24  2:35  SCV  
  25  2:39  Terran Infantry Weapons Level 1, Marine  
  25  2:42  Missile Turret  
  26  2:56  Marine  
  27  3:09  Command Center  
  27  3:10  Barracks Tech Lab  
  27  3:23  Factory  
  27  3:25  Barracks Reactor  
  27  3:34  SCV  
  28  3:41  Marine  
  28  3:43  Stimpack  
  28  3:46  SCV  
  30  3:59  SCV  
  31  4:09  Supply Depot  
  31  4:14  Factory Tech Lab  
  31  4:20  Marine  
  31  4:22  Orbital Command  
  32  4:28  Marine x2  
  34  4:35  Supply Depot  
  34  4:36  Starport  
  34  4:39  Marauder  
  34  4:42  Orbital Command  
  36  4:45  Widow Mine  
  38  5:00  Marauder  
  40  5:08  SCV  
  41  5:14  Widow Mine  
  41  5:15  Starport  
  41  5:16  Starport Tech Lab  
  41  5:20  SCV  
  44  5:25  Missile Turret  
  44  5:32  SCV  
  44  5:34  Marauder, Marine x2  
  49  5:38  Medivac  
  51  5:43  Siege Tank  
  54  5:54  Starport Reactor  
  54  5:59  Marine x2  
  54  6:03  Supply Depot  
  56  6:06  Terran Infantry Armor Level 1, Combat Shields  
  56  6:08  Medivac  
  60  6:11  Marauder  
  60  6:13  SCV  
  61  6:18  Refinery  
  61  6:25  Marine  
  61  6:26  Supply Depot, SCV, Marine  
  66  6:33  Marauder  
  66  6:34  Barracks  
  66  6:42  Medivac x2  
  70  6:52  SCV  
  71  6:55  Refinery  
  71  7:00  Marine x2  
  71  7:01  Marine  
  74  7:04  SCV  
  75  7:09  Raven  
  77  7:16  SCV  
  78  7:24  Barracks Reactor  
  78  7:31  Supply Depot  
  78  7:51  Armory  
  78  7:52  Marine x3  
  78  7:53  Siege Tank, SCV  
  78  7:56  Supply Depot  
  85  8:05  SCV  
  86  8:17  Marine x2  
  86  8:18  SCV, Marine x3  
  92  8:20  Supply Depot  
  92  8:22  Supply Depot  
  92  8:30  SCV  
  93  8:42  Raven, Siege Tank, Corvid Reactor, SCV  
  93  8:43  Command Center  
  93  8:44  Supply Depot  
  99  8:52  Marine  
  99  8:53  Marine x4  
  99  8:54  SCV  
  105  9:06  Supply Depot  
  105  9:10  Marine x2  
  105  9:14  Siege Tank  
  105  9:17  Missile Turret  
  110  9:20  Marine x3  
  113  9:28  Marine x2  
  115  9:38  Marine x3  
  118  9:46  Marine x2  
  120  9:55  Marine  
  120  9:56  Planetary Fortress, Marine x2  
  123  10:00  Recalibrated Explosives  
  123  10:04  Marine x2  
  125  10:13  Marine x2  
  127  10:19  Terran Vehicle Weapons Level 1  
  127  10:20  Terran Infantry Weapons Level 2  
  127  10:23  Siege Tank  
  127  10:24  Marine x3  
  127  10:27  Medivac x2  
  137  10:29  Raven  
  137  10:31  Marine  
  140  10:36  SCV  
  141  11:03  SCV  
  95  11:14  Marine  
  95  11:15  SCV, Marine x4  
  95  11:17  Viking x3  
  92  11:47  Viking x2  
  85  11:55  Marine x2  
  85  11:56  Marine x3  
  85  11:59  Viking  
  85  12:13  Terran Vehicle And Ship Armor Level 1, Marine x4  
  85  12:14  Siege Tank, Marine  
  89  12:16  Viking  
  89  12:17  Viking  
  67  12:31  Marine  
  67  12:37  Marine x4  
  68  12:46  Siege Tank  
  68  12:49  Marine  
  72  12:54  Marine  
  72  12:55  Marine x3  
  71  13:04  Medivac x2  
  71  13:05  Medivac  
  63  13:06  Marine  
  63  13:12  Marine x3  
  62  13:13  Marine  
  62  13:18  Siege Tank  
  60  13:25  Marine  
  59  13:30  Marine x4  
Tags
 
Composition
MMM Bio
League
GoldGold
Matchup
PvT
Spawn Locations
Cross Positions
Add a new tag
Caveats
  • Supply blocks, unpowered buildings, or Contaminate may cause inaccurate times.
  • Supply counts are checked every 10 seconds.